3L
PHILADELPHIA 1776 BC @ HARTFORD WHALERS
09/21/2021
 
TOP OF THE 1ST
Philadelphia 1776 BC batting - Pitching for Hartford Whalers : RHP Enrique Cortéz
Pitching: RHP Enrique Cortéz
Batting: RHB Jesús Orozco 0-0: Ball
1-0: Fly out, F9 (Flyball, 89M)
Batting: LHB Sébastien Rolland 0-0: Ball
1-0: Called Strike
1-1: Ball
2-1: Ground out 4-3 (Groundball, 34)
Batting: LHB Chris Nelson 0-0: Called Strike
0-1: Fly out, F8 (Flyball, 8LS)
Top of the 1st over - 0 run(s), 0 hit(s), 0 error(s), 0 left on base; Philadelphia 1776 0 - Hartford 0
BOTTOM OF THE 1ST
Hartford Whalers batting - Pitching for Philadelphia 1776 BC : LHP Woody Sullivan
Pitching: LHP Woody Sullivan
Batting: RHB Russell Jackson 0-0: Reached on error, E2 (Groundball, 2L)
Batting: LHB Gerald Holloway 0-0: Ball
1-0: Called Strike
1-1: Ball
2-1: Fly out, F8 (Flyball, 8RXD)
Runner from 2nd tags up, SAFE at 3rd, no throw
Batting: LHB César Durán 0-0: Ball
1-0: Ball
2-0: Ball
3-0: Base on Balls
Batting: RHB Mike Brown 0-0: Ball
1-0: Called Strike
1-1: Ball
2-1: Fly out, F7 (Flyball, 7M)
Runner from 3rd tags up, SCORES, throw made
Batting: RHB Brent Burgess 0-0: Ball
1-0: Ball
2-0: Ball
3-0: Foul Ball, location: 2F
3-1: Fly out, F3 (Popup, 34S)
Bottom of the 1st over - 1 run(s), 0 hit(s), 1 error(s), 1 left on base; Philadelphia 1776 0 - Hartford 1
TOP OF THE 2ND
Philadelphia 1776 BC batting - Pitching for Hartford Whalers : RHP Enrique Cortéz
Batting: RHB Gil Moore 0-0: Called Strike
0-1: Foul Ball, location: 2F
0-2: Strikes out swinging
Batting: RHB Yuji Ine 0-0: Called Strike
0-1: Ball
1-1: Called Strike
1-2: Ball
2-2: Foul Ball, location: 2F
2-2: Strikes out looking
Batting: LHB Manuel García 0-0: SINGLE (Groundball, 4MD)
Batting: RHB Cris López 0-0: SINGLE (Groundball, 56D) (infield hit)
Manuel García to second
Batting: RHB Dave Knight 0-0: Called Strike
0-1: Swinging Strike
0-2: Ball
1-2: Fly out, F8 (Flyball, 89M)
Top of the 2nd over - 0 run(s), 2 hit(s), 0 error(s), 2 left on base; Philadelphia 1776 0 - Hartford 1
BOTTOM OF THE 2ND
Hartford Whalers batting - Pitching for Philadelphia 1776 BC : LHP Woody Sullivan
Batting: LHB Norm Ortega 0-0: Ball
1-0: Ball
2-0: Called Strike
2-1: Foul Ball, location: 2F
2-2: DOUBLE (Line Drive, 7LM)
Batting: RHB Javier Díaz 0-0: Foul Ball, location: 2F
0-1: Ball
1-1: Ball
2-1: Fly out, F5 (Popup, 5F)
Batting: RHB Michael Collins 0-0: Foul Ball, location: 2F
0-1: Ball
1-1: Called Strike
1-2: Foul Ball, location: 2F
1-2: Fly out, F9 (Flyball, 9LM)
Batting: RHB Troy Gine 0-0: Ball
1-0: Called Strike
1-1: Called Strike
1-2: Fly out, F8 (Line Drive, 8LXD)
Bottom of the 2nd over - 0 run(s), 1 hit(s), 0 error(s), 1 left on base; Philadelphia 1776 0 - Hartford 1
TOP OF THE 3RD
Philadelphia 1776 BC batting - Pitching for Hartford Whalers : RHP Enrique Cortéz
Batting: RHB António Granados 0-0: Ground out 4-3 (Groundball, 4S)
Batting: RHB Jesús Orozco 0-0: Called Strike
0-1: Swinging Strike
0-2: Foul Ball, location: 2F
0-2: Ball
1-2: Ball
2-2: SINGLE (Line Drive, 89S)
Batting: LHB Sébastien Rolland 0-0: Called Strike
0-1: Ball
1-1: Ball
2-1: Fly out, F3 (Line Drive, 3)
Batting: LHB Chris Nelson 0-0: Ball
Jesús Orozco steals 2nd base
1-0: SINGLE (Flyball, 78M)
Jesús Orozco to third
Runner from 3rd tries for Home, SAFE, no throw or cutoff
Batting: RHB Gil Moore 0-0: Ball
1-0: Called Strike
1-1: Ball
2-1: Swinging Strike
2-2: Foul Ball, location: 2F
2-2: Fly out, F3 (Popup, 3SF)
Top of the 3rd over - 1 run(s), 2 hit(s), 0 error(s), 1 left on base; Philadelphia 1776 1 - Hartford 1
BOTTOM OF THE 3RD
Hartford Whalers batting - Pitching for Philadelphia 1776 BC : LHP Woody Sullivan
Batting: RHB Russell Jackson 0-0: Ball
1-0: Ball
2-0: Swinging Strike
2-1: Ground out 1-3 (Groundball, 13S)
Batting: LHB Gerald Holloway 0-0: Ground out 4-3 (Groundball, 4M)
Batting: LHB César Durán 0-0: Foul Ball, location: 2F
0-1: Swinging Strike
0-2: Foul Ball, location: 2F
0-2: Foul Ball, location: 2F
0-2: Foul Ball, location: 2F
0-2: Ball
1-2: Strikes out swinging
Bottom of the 3rd over - 0 run(s), 0 hit(s), 0 error(s), 0 left on base; Philadelphia 1776 1 - Hartford 1
TOP OF THE 4TH
Philadelphia 1776 BC batting - Pitching for Hartford Whalers : RHP Enrique Cortéz
Batting: RHB Yuji Ine 0-0: Called Strike
0-1: Foul Ball, location: 2F
0-2: Ball
1-2: Ball
2-2: Foul Ball, location: 2F
2-2: Foul Ball, location: 2F
2-2: Foul Ball, location: 2F
2-2: Foul Ball, location: 2F
2-2: Ground out 5-3 (Groundball, 56)
Batting: LHB Manuel García 0-0: Called Strike
0-1: Ball
1-1: Ground out 1-3 (Groundball, 15S)
Batting: RHB Cris López 0-0: Ball
1-0: Called Strike
1-1: SINGLE (Groundball, 56)
Batting: RHB Dave Knight 0-0: Ball
Cris López is caught stealing 2nd base
Top of the 4th over - 0 run(s), 1 hit(s), 0 error(s), 0 left on base; Philadelphia 1776 1 - Hartford 1
BOTTOM OF THE 4TH
Hartford Whalers batting - Pitching for Philadelphia 1776 BC : LHP Woody Sullivan
Batting: RHB Mike Brown 0-0: Ball
1-0: Foul Ball, location: 2F
1-1: Foul Ball, location: 2F
1-2: Ball
2-2: Ground out 5-3 (Groundball, 56)
Batting: RHB Brent Burgess 0-0: Called Strike
0-1: Called Strike
0-2: Ball
1-2: Ball
2-2: Ball
3-2: Strikes out swinging
Batting: LHB Norm Ortega 0-0: Ground out 6-3 (Groundball, 6M)
Bottom of the 4th over - 0 run(s), 0 hit(s), 0 error(s), 0 left on base; Philadelphia 1776 1 - Hartford 1
TOP OF THE 5TH
Philadelphia 1776 BC batting - Pitching for Hartford Whalers : RHP Enrique Cortéz
Batting: RHB Dave Knight 0-0: Ball
1-0: Fly out, F9 (Flyball, 89M)
Batting: RHB António Granados 0-0: Ball
1-0: Ball
2-0: Called Strike
2-1: Called Strike
2-2: Fly out, F9 (Flyball, 9M)
Batting: RHB Jesús Orozco 0-0: Ball
1-0: Foul Ball, location: 2F
1-1: Swinging Strike
1-2: Foul Ball, location: 2F
1-2: Strikes out swinging
Top of the 5th over - 0 run(s), 0 hit(s), 0 error(s), 0 left on base; Philadelphia 1776 1 - Hartford 1
BOTTOM OF THE 5TH
Hartford Whalers batting - Pitching for Philadelphia 1776 BC : LHP Woody Sullivan
Batting: RHB Javier Díaz 0-0: Foul Ball, location: 2F
0-1: Ball
1-1: Ground out 6-3 (Groundball, 6)
Batting: RHB Michael Collins 0-0: Called Strike
0-1: Ball
1-1: Ball
2-1: Ball
3-1: Foul Ball, location: 2F
3-2: Base on Balls
Batting: RHB Troy Gine 0-0: Ball
1-0: Foul Ball, location: 2F
1-1: Ball
2-1: Swinging Strike
2-2: Ball
3-2: Strikes out swinging
Batting: RHB Russell Jackson 0-0: Ball
1-0: Ball
2-0: Foul Ball, location: 2F
2-1: Fly out, F3 (Popup, 3S)
Bottom of the 5th over - 0 run(s), 0 hit(s), 0 error(s), 1 left on base; Philadelphia 1776 1 - Hartford 1
TOP OF THE 6TH
Philadelphia 1776 BC batting - Pitching for Hartford Whalers : RHP Enrique Cortéz
Batting: LHB Sébastien Rolland 0-0: Ball
1-0: Called Strike
1-1: Foul Ball, location: 2F
1-2: Ball
2-2: Ball
3-2: Base on Balls
Batting: LHB Chris Nelson 0-0: Swinging Strike
0-1: Ball
1-1: Ball
2-1: Swinging Strike
2-2: Strikes out swinging
Batting: RHB Gil Moore 0-0: Grounds into double play, U6-3 (Groundball, 6M)
Top of the 6th over - 0 run(s), 0 hit(s), 0 error(s), 0 left on base; Philadelphia 1776 1 - Hartford 1
BOTTOM OF THE 6TH
Hartford Whalers batting - Pitching for Philadelphia 1776 BC : LHP Woody Sullivan
Batting: LHB Gerald Holloway 0-0: Ball
1-0: SINGLE (Flyball, 7S)
Batting: LHB César Durán 0-0: Called Strike
0-1: Ball
1-1: Ball
2-1: Ball
3-1: Base on Balls
Gerald Holloway to second
Batting: RHB Mike Brown 0-0: Ball
1-0: Ground out 4-3 (Groundball, 13)
Gerald Holloway to third
César Durán to second
Batting: RHB Brent Burgess 0-0: Swinging Strike
0-1: SINGLE (Groundball, 15S) (infield hit)
Gerald Holloway scores
César Durán to third
Batting: LHB Norm Ortega 0-0: Ball
1-0: Fly out, F6 (Popup, 5D)
Batting: RHB Javier Díaz 0-0: Ball
1-0: Called Strike
1-1: Swinging Strike
1-2: Fly out, F3 (Popup, 3SF)
Bottom of the 6th over - 1 run(s), 2 hit(s), 0 error(s), 2 left on base; Philadelphia 1776 1 - Hartford 2
TOP OF THE 7TH
Philadelphia 1776 BC batting - Pitching for Hartford Whalers : RHP Enrique Cortéz
Batting: RHB Yuji Ine 0-0: Ball
1-0: Ball
2-0: Ball
3-0: Called Strike
3-1: Swinging Strike
3-2: Strikes out swinging
Batting: LHB Manuel García 0-0: SINGLE (Flyball, 78M)
Batting: RHB Cris López 0-0: Ball
1-0: Ball
2-0: Ball
3-0: Base on Balls
Manuel García to second
Pinch Hitting: RHB Joe Smith 0-0: Ball
1-0: Called Strike
1-1: Ball
2-1: SINGLE (Groundball, 15) (infield hit)
Manuel García to third
Cris López to second
Batting: RHB António Granados 0-0: Called Strike
0-1: Ball
1-1: Ground out 5-3 (Groundball, 15S)
Manuel García scores
Cris López to third
Joe Smith to second
Batting: RHB Jesús Orozco 0-0: Foul Ball, location: 2F
0-1: Ball
1-1: Swinging Strike
1-2: Foul Ball, location: 2F
1-2: Fly out, F8 (Flyball, 89M)
Top of the 7th over - 1 run(s), 2 hit(s), 0 error(s), 2 left on base; Philadelphia 1776 2 - Hartford 2
BOTTOM OF THE 7TH
Hartford Whalers batting - Pitching for Philadelphia 1776 BC : LHP Woody Sullivan
Now at SS: Matt Brown
Batting: RHB Michael Collins 0-0: Ground out 4-3 (Groundball, 4)
Batting: RHB Troy Gine 0-0: Called Strike
0-1: Called Strike
0-2: Ball
1-2: Ground out 6-3 (Groundball, 6)
Batting: RHB Russell Jackson 0-0: Ball
1-0: Called Strike
1-1: Called Strike
1-2: Foul Ball, location: 2F
1-2: Foul Ball, location: 2F
1-2: SINGLE (Groundball, 6D)
Pinch Hitting: RHB Dave O'Day 0-0: Called Strike
0-1: Called Strike
0-2: Ball
1-2: Ground out 2-3 (Groundball, 23)
Bottom of the 7th over - 0 run(s), 1 hit(s), 0 error(s), 1 left on base; Philadelphia 1776 2 - Hartford 2
TOP OF THE 8TH
Philadelphia 1776 BC batting - Pitching for Hartford Whalers : RHP Enrique Cortéz
Now at SS: Dave O'Day
Batting: LHB Sébastien Rolland 0-0: Ball
1-0: Foul Ball, location: 2F
1-1: Swinging Strike
1-2: SINGLE (Line Drive, 8LS)
Batting: LHB Chris Nelson 0-0: Ball
1-0: Swinging Strike
1-1: Foul Ball, location: 2F
1-2: Ball
Sébastien Rolland steals 2nd base
2-2: Foul Ball, location: 2F
2-2: SINGLE (Groundball, 6MD)
Sébastien Rolland to third
Runner from 3rd tries for Home, SAFE, throw made home
Pinch Runner at 1st Ryan Simpson:
Batting: RHB Gil Moore 0-0: Ball
1-0: Ball
2-0: Ball
3-0: Foul Ball, location: 2F
3-1: Called Strike
3-2: Fly out, F9 (Flyball, 9LD)
Batting: RHB Yuji Ine 0-0: Called Strike
0-1: Ball
1-1: SINGLE (Line Drive, 8RS)
Ryan Simpson to second
Runner from 2nd tries for 3rd, SAFE, no throw or cutoff
Batting: LHB Manuel García 0-0: Called Strike
0-1: Ball
1-1: Ball
2-1: SINGLE (Groundball, 6MD)
Ryan Simpson scores
Yuji Ine to second
Batting: RHB Cris López 0-0: Ball
1-0: Ball
2-0: Ball
3-0: Called Strike
3-1: Base on Balls
Yuji Ine to third
Manuel García to second
Pitching: RHP Kelly Hampton
Batting: RHB Matt Brown 0-0: SINGLE (Groundball, 25) (infield hit)
Yuji Ine scores
Manuel García to third
Cris López to second
Batting: RHB António Granados 0-0: Grounds into double play, 6-4-3 (Groundball, 6M)
Top of the 8th over - 3 run(s), 5 hit(s), 0 error(s), 2 left on base; Philadelphia 1776 5 - Hartford 2
BOTTOM OF THE 8TH
Hartford Whalers batting - Pitching for Philadelphia 1776 BC : LHP Woody Sullivan
Batting: LHB César Durán 0-0: Ball
1-0: Ground out 3-1 (Groundball, 34S)
Batting: RHB Mike Brown 0-0: Called Strike
0-1: Foul Ball, location: 2F
0-2: Ball
1-2: Ball
2-2: Fly out, F8 (Flyball, 8LD)
Batting: RHB Brent Burgess 0-0: Called Strike
0-1: Swinging Strike
0-2: Fly out, F3 (Line Drive, 3)
Bottom of the 8th over - 0 run(s), 0 hit(s), 0 error(s), 0 left on base; Philadelphia 1776 5 - Hartford 2
TOP OF THE 9TH
Philadelphia 1776 BC batting - Pitching for Hartford Whalers : RHP Kelly Hampton
Pitching: LHP Francisco Chávez
Batting: RHB Jesús Orozco 0-0: Swinging Strike
0-1: Ball
1-1: Foul Ball, location: 2F
1-2: Ball
2-2: Foul Ball, location: 2F
2-2: Ground out 6-3 (Groundball, 6)
Batting: LHB Sébastien Rolland 0-0: Called Strike
0-1: Fly out, F7 (Flyball, 78S)
Batting: RHB Ryan Simpson 0-0: Swinging Strike
0-1: SINGLE (Line Drive, 9S)
Batting: RHB Gil Moore 0-0: SINGLE (Line Drive, 6MD)
Ryan Simpson to second
Batting: RHB Yuji Ine 0-0: SINGLE (Groundball, 6M)
Ryan Simpson to third
Gil Moore to second
Runner from 3rd tries for Home, SAFE, no throw or cutoff
Batting: LHB Manuel García 0-0: Foul Ball, location: 2F
0-1: SINGLE (Groundball, 6MD)
Gil Moore to third
Yuji Ine to second
Runner from 3rd tries for Home, SAFE, no throw or cutoff
Batting: RHB Cris López 0-0: Called Strike
0-1: Ball
1-1: Ball
2-1: Foul Ball, location: 2F
2-2: Fly out, F7 (Line Drive, 7S)
Top of the 9th over - 2 run(s), 4 hit(s), 0 error(s), 2 left on base; Philadelphia 1776 7 - Hartford 2
BOTTOM OF THE 9TH
Hartford Whalers batting - Pitching for Philadelphia 1776 BC : LHP Woody Sullivan
Batting: LHB Norm Ortega 0-0: Ball
1-0: Called Strike
1-1: Ball
2-1: Ground out 4-3 (Groundball, 4)
Batting: RHB Javier Díaz 0-0: Called Strike
0-1: Ball
1-1: Called Strike
1-2: Strikes out swinging
Pitching: RHP Ray Gordon
Batting: RHB Michael Collins 0-0: Ball
1-0: Ball
2-0: Ball
3-0: Called Strike
3-1: Called Strike
3-2: Ground out 6-3 (Groundball, 6)
Bottom of the 9th over - 0 run(s), 0 hit(s), 0 error(s), 0 left on base; Philadelphia 1776 7 - Hartford 2
This league is powered by Out of the Park Baseball, the baseball management simulation game for PC, Mac and Linux
Friday, January 22nd, 2016 - OOTP Baseball 16.9 Build 39